 Dungeon Crawl Stone Soup version 0.31-a0-1172-g9944ec47dd (webtiles) character file.

Game seed: 14277729039842977716

873 Curundu the Slasher (level 7, -1/62 HPs)
             Began as a Minotaur Berserker on Dec 10, 2023.
             Was an Elder of Trog.
             Shot with an arrow by a centaur (14 damage)
             ... on level 5 of the Dungeon on Dec 11, 2023.
             The game lasted 00:15:18 (3268 turns).

Curundu the Slasher (Minotaur Berserker)            Turns: 3268, Time: 00:15:19

Health: -1/62      AC: 14    Str: 23    XL:     7   Next: 74%
Magic:  6/6        EV:  9    Int:  4    God:    Trog [****..]
Gold:   266        SH:  0    Dex: 10    Spells: 6/6 levels left

rFire   . . .        x - +3 flail (holy)
rCold   . . .        (no shield)
rNeg    . . .        a - +0 chain mail
rPois   .            j - +2 hat
rElec   .            (no cloak)
rCorr   +            r - +1 pair of gloves
SInv    .            (no boots)
Will    .....        b - amulet of regeneration Stlth
                     w - ring of resist corrosion
HPRegen 1.10/turn    (no ring)
MPRegen 0.10/turn

%: no passive effects
@: no status effects
A: horns 2, retaliatory headbutt
a: Renounce Religion, Berserk, Trog's Hand, Brothers in Arms


You were on level 5 of the Dungeon.
You worshipped Trog.
Trog was greatly pleased with you.
You visited 1 branch of the dungeon, and saw 5 of its levels.

You collected 266 gold pieces.

Inventory:

Hand Weapons
 t - a +2 antimagic spear
 x - a +3 flail of holy wrath (weapon)
Armour
 a - a +0 chain mail (worn)
 h - a +1 ring mail of fire resistance
 j - a +2 hat (worn)
 r - a +1 pair of gloves (worn)
Magical Staves
 p - a staff of conjuration
Jewellery
 b - an amulet of regeneration (around neck)
 w - a ring of resist corrosion (left hand)
Wands
 d - a wand of quicksilver (12) (quivered)
Scrolls
 c - 2 scrolls of teleportation {unknown}
 e - 4 scrolls of identify {unknown}
 g - 3 scrolls of torment {unknown}
 l - 2 scrolls of immolation {unknown}
 m - a scroll of enchant weapon {unknown}
 n - a scroll of enchant armour {unknown}
 o - 2 scrolls of fear {unknown}
 s - a scroll of summoning {unknown}
Potions
 f - 2 potions of lignification {unknown}
 i - a potion of heal wounds {unknown}
 k - a potion of mutation {unknown}
 q - a potion of resistance {unknown}
 u - 3 potions of degeneration {unknown}
 v - 3 potions of curing {unknown}


   Skills:
 + Level 5.9 Fighting
 + Level 6.3 Long Blades
 + Level 2.6 Maces & Flails
 + Level 2.6 Polearms
 + Level 5.7 Armour
 + Level 3.9 Dodging
 + Level 0.3 Stealth


You had 6 spell levels left.
You didn't know any spells.
Your spell library contained the following spells:

 Spells                   Type           Power      Damage    Failure   Level
 Apportation              Tloc           0%         N/A       97%         1
 Necrotise                Necr           0%         1d4       97%         1
 Summon Small Mammal      Summ           0%         N/A       97%         1
 Jinxbite                 Hex            0%         N/A       99%         2
 Manifold Assault         Tloc           0%         N/A       100%        4
 Alistair's Intoxication  Tmut/Pois      0%         N/A       100%        5
 Dispersal                Tloc           0%         N/A       100%        6
 Disjunction              Tloc           0%         N/A       100%        8


Dungeon Overview and Level Annotations

Branches:
Dungeon (5/15)
 Temple: D:4-7

Altars:
Trog
Yredelemnul


Innate Abilities, Weirdness & Mutations

You have a pair of horns on your head.
You reflexively headbutt those who attack you in melee.


Message History

You barely miss the scorpion.
The scorpion stings you but does no damage.
The scorpion closely misses you.
You hit the scorpion.
The scorpion is moderately wounded.
The scorpion stings you but does no damage.
You sock the scorpion! You headbutt the scorpion.
You kill the scorpion!
Trog accepts your kill.
You see here a scorpion corpse.
An iguana comes into view.
The iguana hisses angrily.
You barely miss the iguana. Your headbutt misses the iguana.
The iguana completely misses you. The iguana closely misses you.
You furiously retaliate!
You headbutt the iguana. You sock the iguana! Your headbutt misses the iguana.
The iguana is almost dead.
The iguana barely misses you.
You hit the iguana.
You kill the iguana!
Trog accepts your kill.
You see here an iguana corpse.
Found a flail.
Found a stone staircase leading up.
You now have 266 gold pieces (gained 13).
A centaur comes into view.
It is wielding the +8 rapier of Xom, Crafting {flame, rN+ Str+3 Int+3}.
The centaur shouts!
The centaur unwields the +8 rapier of Xom, Crafting {flame, rN+ Str+3 Int+3}.
It stops flaming.
The centaur wields a +0 orcbow of electrocution.
You hear the crackle of electricity.
The centaur shoots an arrow.
The arrow closely misses you.
The centaur shoots an arrow.
The arrow closely misses you.
The centaur shoots an arrow.
The arrow barely misses you.
The centaur shoots an arrow.
The arrow hits you!
You are electrocuted!
The centaur shoots an arrow.
The arrow hits you!
You are electrocuted!
* * * LOW HITPOINT WARNING * * *
The centaur shoots an arrow.
The arrow hits you.
* * * LOW HITPOINT WARNING * * *
You are electrocuted!
You die...

.#########
.#.(......
........#
........##
.........#
.........###
.#...###.†.#
<#..##
###.#############
##..#
#......@)..c...
##..####
###############
#......##
#.####..## #.#
##..### #.#
##...## #.#
###..###### ..#
##......## .##
######..# ##


You could see a centaur.

Vanquished Creatures
  Grinder (D:3)
  Edmund (D:4)
  3 scorpions
  A jelly (D:5)
  An orc priest (D:5)
  An iguana (D:5)
  An orc wizard (D:3)
  11 gnolls
  7 adders
  3 dart slugs
  16 orcs
  4 ball pythons
  4 endoplasms
  A giant cockroach (D:1)
  2 goblins (D:4)
  12 hobgoblins
  7 quokkas
  7 bats
  3 frilled lizards
  9 kobolds
  5 rats
100 creatures vanquished.

Notes
Turn   | Place    | Note
-------+----------+-------------------------------------------
     0 | D:1      | Curundu the Minotaur Berserker began the quest for the Orb.
     0 | D:1      | Reached XP level 1. HP: 19/19 MP: 0/0
   397 | D:1      | Reached XP level 2. HP: 23/27 MP: 1/1
   562 | D:1      | Reached skill level 4 in Long Blades
  1240 | D:2      | Reached ** piety under Trog
  1289 | D:2      | Reached XP level 3. HP: 32/33 MP: 2/2
  1890 | D:3      | Reached XP level 4. HP: 41/41 MP: 3/3
  1926 | D:3      | Reached skill level 5 in Long Blades
  1996 | D:3      | Reached XP level 5. HP: 6/47 MP: 0/4
  2243 | D:3      | Noticed Grinder
  2245 | D:3      | Reached *** piety under Trog
  2254 | D:3      | Killed Grinder
  2255 | D:3      | Reached skill level 6 in Long Blades
  2255 | D:3      | Reached XP level 6. HP: 55/55 MP: 1/5
  2268 | D:3      | Reached skill level 5 in Fighting
  2395 | D:3      | Found a bloodstained altar of Trog.
  2395 | D:3      | Found a basalt altar of Yredelemnul.
  2571 | D:4      | Reached skill level 1 in Polearms
  2641 | D:4      | Noticed Edmund
  2663 | D:4      | HP: 2/56 [Edmund/+3 flail of holy wrath (6)]
  2664 | D:4      | Killed Edmund
  2665 | D:4      | Reached skill level 5 in Armour
  2665 | D:4      | Reached XP level 7. HP: 4/61 MP: 2/6
  3067 | D:5      | Entered Level 5 of the Dungeon
  3079 | D:5      | Reached skill level 1 in Maces & Flails
  3178 | D:5      | Reached **** piety under Trog
  3265 | D:5      | Identified the +8 rapier of Xom, Crafting {flame, rN+ Str+3
                  | Int+3}
  3268 | D:5      | Shot with an arrow by a centaur

Illustrated notes

Levels and vault maps discovered:
D:1:      minmay_arrival_arboretum_small, layout_basic, minmay_pentomino_u2
D:2:      layout_rooms, minivault_19, minivault_24, grunt_decor_mini_mirrors
D:3:      layout_basic, gammafunk_temple_overflow_elements, uniq_grinder
D:4:      layout_rooms, uniq_edmund
D:5:      layout_rooms

Skill      XL: |  1  2  3  4  5  6  7 |
---------------+----------------------+-----
Fighting       | 4 5 |  5.9
Long Blades    | 4 5 6 |  6.3
Dodging        | 3 |  3.9
Armour         | 3 4 5 |  5.7
Polearms       | 1 2 |  2.6
Maces & Flails | 2 |  2.6
Stealth        | |  0.3

Action                     |  1- 3 |  4- 6 |  7- 9 || total
---------------------------+-------+-------+-------++-------
  Melee: Falchion          |    83 |    52 |       ||   135
         Headbutt          |    10 |    20 |    13 ||    43
         Punch             |       |     2 |       ||     2
         Spear             |       |    66 |       ||    66
         Flail             |       |       |    51 ||    51
  Evoke: Wand              |       |     1 |       ||     1
 Armour: Ring mail         |    63 |   118 |    43 ||   224
         Chain mail        |       |       |    12 ||    12
  Dodge: Dodged            |    66 |    72 |    42 ||   180

Table legend: (Time is in decaauts)
 A = Elapsed time spent in this place.
 B = Non-inter-level travel time spent in this place.
 C = Inter-level travel time spent in this place.
 D = Time resting spent in this place.
 E = Time spent auto-exploring this place.
 F = Levels seen in this place.
 G = Mean time per level.
                   A        B        C        D        E       F      G
               +--------+--------+--------+--------+--------+-----+--------+
         Total |   3296 |   3293 |      3 |    107 |   2227 |   5 |  659.2 |
       Dungeon |   3296 |   3293 |      3 |    107 |   2227 |   5 |  659.2 |
               +--------+--------+--------+--------+--------+-----+--------+

Top non-repeatable levels by time:
     D:1: 1206 daAuts
     D:3: 703 daAuts
     D:2: 638 daAuts
     D:4: 539 daAuts
     D:5: 207 daAuts
